 Dungeon Crawl Stone Soup version 0.31-a0-446-g07c4bd200f (webtiles) character file.

Game seed: 16599263757569393860

4393 Ethylacetat the Martial Artist (level 10, 0/56 HPs)
             Began as a Vine Stalker Monk on Aug 3, 2023.
             Slain by a killer bee (1 damage)
             ... on level 8 of the Dungeon.
             The game lasted 00:13:11 (5548 turns).

Ethylacetat the Martial Artist (Vine Stalker Monk)  Turns: 5548, Time: 00:13:12

Health: 0/56       AC:  9    Str: 12      XL:     10   Next: 35%
Magic:  0/23       EV: 12    Int:  7 (9)  God:
Gold:   333        SH:  0    Dex: 25 (26) Spells: 25/25 levels left

rFire   + .          .
                       - Unarmed
rCold   + + .        c - orb {light}
rNeg    . . .        o - +1 chain mail {rC+}
rPois   +            (helmet currently unavailable)
rElec   +            (cloak currently unavailable)
rCorr   +            (gloves currently unavailable)
SInv    +            (boots currently unavailable)
Will    ++...        (no amulet) Stlth
                     f - +5 ring of evasion
HPRegen 1.09/turn    i - ring of see invisible
MPRegen 0.18/turn

%: guardian spirit
@: brilliant, lethally poisoned (0 -> 0), beast-form, resistant, glowing
A: beast (slay +4), fangs 3, regeneration 1, magic shield, antimagic bite, no
potion heal 2, agile 1, deterioration 1, strong-willed 1, teleportitis 1
a: Begin Untransformation


You were on level 8 of the Dungeon.
You were a hulking beast.
You visited 2 branches of the dungeon, and saw 9 of its levels.
You also visited: Bailey.

You collected 333 gold pieces.

Inventory:

Armour
 c - an orb of light (worn)
 o - a +1 chain mail of cold resistance (worn)
Jewellery
 b - a ring of protection from cold
 f - a +5 ring of evasion (left hand)
 i - a ring of see invisible (right hand)
 C - a ring of willpower
Talismans
 A - a beast talisman (active)
Wands
 p - a wand of paralysis (11)
 v - a wand of polymorph (8)
 x - a wand of flame (13)
Scrolls
 a - 2 scrolls of noise {unknown}
 e - 2 scrolls of poison {unknown}
 g - a scroll of acquirement {unknown}
 j - a scroll of enchant armour {unknown}
 k - a scroll of blinking {unknown}
 l - 3 scrolls of identify
 q - 2 scrolls of amnesia
 r - 2 scrolls of revelation
 t - a scroll of teleportation {unknown}
 y - a scroll of enchant weapon {unknown}
 B - a scroll of fog {unknown}
Potions
 d - a potion of magic
 h - 2 potions of attraction
 m - 5 potions of curing
 n - 3 potions of mutation
 w - 2 potions of heal wounds
 z - a potion of brilliance
 D - 2 potions of cancellation {unknown}
 E - 3 potions of haste {unknown}
 F - a potion of invisibility {unknown}


   Skills:
 + Level 8.2 Fighting
 - Level 2.4 Dodging
 + Level 8.9 Unarmed Combat
 + Level 8.3 Spellcasting
 * Level 6.8 Shapeshifting


You had 25 spell levels left.
You didn't know any spells.
Your spell library was empty.

Dungeon Overview and Level Annotations

Branches:
Dungeon (8/15)             Temple (1/1) D:5          Bailey (visited)
   Lair: D:8-11

Altars:
Ashenzari
Dithmenos
Elyvilon
Fedhas
Gozag
Hepliaklqana
Kikubaaqudgha
Makhleb
Nemelex Xobeh
Okawaru
Ru
Sif Muna
Trog
Uskayaw
Vehumet
Wu Jian
Xom
Yredelemnul
Zin

Shops:
D:7 (


Innate Abilities, Weirdness & Mutations

You are a hulking beast.
Your limbs bulge with bestial killing power. (Slay +4)
You have razor-sharp teeth.
Your natural rate of healing is unusually fast.
When hurt, damage is shared between your health and your magic reserves.
Your bite disrupts and absorbs the magic of your enemies.
Potions cannot restore your health.
You are agile. (Dex +4, Str/Int -1)
Your body sometimes deteriorates upon taking damage.
You are strong-willed. (Will+)
You are occasionally teleported next to monsters.


Message History

Your Shapeshifting skill gained 3 levels and is now at level 6!
You have reached level 10!
You feel very sick. The killer bee stings you.
The killer bee closely misses you. The killer bee stings you. x3
The killer bee stings you but does no damage.
You closely miss the killer bee. You bite the killer bee! You drain its power.
You feel invigorated.
The killer bee is heavily wounded.
You feel very sick. The killer bee barely misses you.
The killer bee closely misses you. The killer bee stings you!
* * * LOW HITPOINT WARNING * * *
It was a potion of magic.
Magic courses through your body.
You feel sick.
The killer bee stings you but does no damage. x2
The killer bee completely misses you. The killer bee stings you.
* * * LOW HITPOINT WARNING * * *
The killer bee misses you. The killer bee completely misses you.
It was a potion of resistance.
You feel protected.
You feel sick. The killer bee barely misses you. x2
The killer bee stings you but does no damage.
The killer bee closely misses you. The killer bee stings you.
* * * LOW HITPOINT WARNING * * *
The killer bee misses you.
It was a potion of heal wounds.
That seemed strangely inert.
You feel sick.
The killer bee barely misses you. x2; The killer bee stings you.
* * * LOW HITPOINT WARNING * * *
The killer bee stings you but does no damage.
The killer bee completely misses you. The killer bee stings you.
* * * LOW HITPOINT WARNING * * *
It was a potion of brilliance.
You feel clever all of a sudden.
You feel sick. The killer bee stings you.
* * * LOW HITPOINT WARNING * * *
The killer bee stings you.
* * * LOW HITPOINT WARNING * * *
The killer bee closely misses you. The killer bee misses you. x2
The killer bee stings you.
You die...

#.[~#)..#≈.##********,****
#..~))∩.#~.# *,,,,, ****
#..~#)..#~.# *****, ,,,*
#..~#####~.## *,,, ,*,***
#..~~~~~≈~..# *,** ∩,,+,*
#...........# *,*,
,*,*,**#######.#.#.# *,**
,,,*,,,,,)......yyy# ****** *,**
**********####.#h#.#***,,,,***,,,
,* #.#y#yy....^.,,*,,,, ,*
#,#.#........,,*,*** ,*
*,...yy......,,*,* ,******
*,#$#........,,*,* ,,,,,,*
**,#..........,,*,*** ,****,*
***,,####.......,,*,,,, ** *,*
*,,,,,,,,.......,,***** *,**
**,******,,,,,,,,,,,,,,,


You could see 4 killer bees.

Vanquished Creatures
  An orc knight (Bailey)
  An orc warrior (D:7)
  2 black bears
  3 ogres
  2 centaurs (D:6)
  2 scorpions
  A howler monkey (D:7)
  6 jellies
  A gnoll bouda (D:7)
  2 hounds
  An orc priest (D:6)
  Jessica (D:3)
  Ijyb (D:5)
  2 iguanas (D:4)
  3 orc wizards
  Robin (D:5)
  15 gnolls
  14 adders
  A shadow imp (D:5)
  2 white imps
  An ufetubus (D:6)
  A dart slug (D:2)
  37 orcs
  5 ball pythons
  7 bats
  8 endoplasms
  12 giant cockroaches
  10 goblins
  16 hobgoblins
  5 jackals
  7 kobolds
  3 quokkas
  3 frilled lizards
  3 rats
180 creatures vanquished.

Notes
Turn   | Place    | Note
-------+----------+-------------------------------------------
     0 | D:1      | Ethylacetat the Vine Stalker Monk began the quest for the
                  | Orb.
     0 | D:1      | Reached XP level 1. HP: 11/11 MP: 2/2
    88 | D:1      | Reached XP level 2. HP: 7/16 MP: 2/4
   130 | D:1      | Reached skill level 1 in Spellcasting
   510 | D:1      | Found a faded altar of an unknown god.
   702 | D:1      | Reached XP level 3. HP: 20/20 MP: 5/5
   862 | D:2      | Gained mutation: Your natural rate of healing is unusually
                  | fast. [Vine Stalker growth]
   862 | D:2      | Reached XP level 4. HP: 17/24 MP: 5/7
  1600 | D:3      | Reached XP level 5. HP: 29/29 MP: 9/9
  1670 | D:3      | Noticed an ogre
  1671 | D:3      | Noticed Jessica
  1679 | D:3      | Killed an ogre
  1680 | D:3      | Reached XP level 6. HP: 3/33 MP: 1/11
  1680 | D:3      | Killed Jessica
  2593 | D:4      | Reached skill level 5 in Unarmed Combat
  2638 | D:4      | Reached XP level 7. HP: 38/38 MP: 13/13
  2930 | D:5      | Entered Level 5 of the Dungeon
  2930 | D:5      | Noticed Robin
  2930 | D:5      | Noticed Ijyb
  2954 | D:5      | Killed Ijyb
  2962 | D:5      | Killed Robin
  3069 | D:5      | Reached skill level 5 in Fighting
  3375 | D:5      | Found a staircase to the Ecumenical Temple.
  3396 | Temple   | Entered the Ecumenical Temple
  3472 | D:6      | Gained mutation: You have razor-sharp teeth. [Vine Stalker
                  | growth]
  3472 | D:6      | Reached XP level 8. HP: 43/43 MP: 16/16
  3488 | D:6      | Reached skill level 5 in Spellcasting
  3550 | D:6      | Found an opulent altar of Gozag.
  4339 | D:7      | Found Luran's Weapon Shop.
  4529 | D:7      | Reached skill level 1 in Shapeshifting
  4824 | D:7      | Reached XP level 9. HP: 31/49 MP: 19/19
  5054 | D:8      | Found a flagged portal.
  5068 | Bailey   | Entered a bailey
  5286 | Bailey   | Noticed an orc knight
  5404 | Bailey   | Killed an orc knight
  5542 | D:8      | Gained mutation: You are occasionally teleported next to
                  | monsters. [potion of mutation]
  5542 | D:8      | Gained mutation: Your body sometimes deteriorates upon
                  | taking damage. [potion of mutation]
  5542 | D:8      | Gained mutation: You are strong-willed. (Will+) [potion of
                  | mutation]
  5542 | D:8      | Gained mutation: You are agile. (Dex +4, Str/Int -1)
                  | [potion of mutation]
  5543 | D:8      | Reached XP level 10. HP: 27/56 MP: 10/23
  5548 | D:8      | HP: 2/56 [killer bee (1)]
  5548 | D:8      | Slain by a killer bee

Illustrated notes

Levels and vault maps discovered:
D:1:      tarquinn_simple_flora_water_e, layout_rooms,
          dilly_ecumenical_altar_fadedgnrine,
          nicolae_concentric_dashed_squares_mild, chequers_garden
D:2:      minmay_roachtagon, layout_loops_ring, minmay_fractal_squares_5,
          uniq_crazy_yiuf_cottage
D:3:      minmay_wonky_spiral, layout_rooms, uniq_jessica
D:4:      layout_basic, dk_noncrumbling_2
D:5:      layout_rooms, minmay_temple_entry_nine_rooms, nicolae_goblin_pals,
          uniq_ijyb
D:6:      layout_loops_cross, grunt_gozag_breadcrumbs, minivault_22
D:7:      layout_loops_ring, serial_shops, nicolae_shop_pleasant_corner_grove,
          skrybe_limestone_x
D:8:      layout_basic, serial_shops, kennysheep_little_box, serial_ice,
          serial_ice_i, serial_ice_o, serial_ice_e, serial_ice_h, enter_bailey_3
Temple:   mainiacjoe_temple_coin_purse

Skill      XL: |  1  2  3  4  5  6  7  8  9 |
---------------+----------------------------+-----
Spellcasting   | 1 2 3 4 6 8 |  8.3
Fighting       | 3 4 5 6 8 |  8.2
Unarmed Combat | 4 5 6 8 |  8.9
Shapeshifting  | 1 6 |  6.8
Dodging        | |  2.4

Action                     |  1- 3 |  4- 6 |  7- 9 | 10-12 || total
---------------------------+-------+-------+-------+-------++-------
  Melee: Unarmed           |    64 |   177 |   287 |     1 ||   529
         Bite              |    21 |    58 |   125 |     1 ||   205
    Use: Potion            |       |     1 |     8 |     4 ||    13
         Scroll            |       |       |     2 |       ||     2
 Armour: Robe              |     6 |       |       |       ||     6
         Plate armour      |    32 |    40 |       |       ||    72
         Chain mail        |       |    13 |   107 |     5 ||   125
  Dodge: Dodged            |    46 |    94 |   188 |    16 ||   344
   Form: Beast             |       |       |     1 |       ||     1

Table legend: (Time is in decaauts)
 A = Elapsed time spent in this place.
 B = Non-inter-level travel time spent in this place.
 C = Inter-level travel time spent in this place.
 D = Time resting spent in this place.
 E = Time spent auto-exploring this place.
 F = Levels seen in this place.
 G = Mean time per level.
                   A        B        C        D        E       F      G
               +--------+--------+--------+--------+--------+-----+--------+
         Total |   5495 |   5218 |    277 |     12 |   4069 |  10 |  549.5 |
       Dungeon |   5066 |   4789 |    277 |      0 |   3854 |   8 |  633.2 |
        Temple |      1 |      1 |      0 |      0 |      0 |   1 |    1.0 |
        Bailey |    427 |    427 |      0 |     12 |    215 |   1 |  427.0 |
               +--------+--------+--------+--------+--------+-----+--------+

Top non-repeatable levels by time:
     D:4: 916 daAuts
     D:7: 834 daAuts
     D:1: 774 daAuts
     D:6: 701 daAuts
     D:3: 678 daAuts
     D:2: 539 daAuts
     D:5: 526 daAuts
  Bailey: 427 daAuts
     D:8: 95 daAuts
  Temple: 1 daAuts
